 Dungeon Crawl Stone Soup version 0.30-a0-852-g08b95dd62f (webtiles) character file.

Game seed: 12457587802658699939

32 demibob the Ruffian (level 3, 26/26 HPs)
             Began as a Demonspawn Wanderer on Mar 4, 2023.
             Quit the game on level 3 of the Dungeon.
             The game lasted 00:02:14 (1824 turns).

demibob the Ruffian (Demonspawn Wanderer)           Turns: 1824, Time: 00:02:15

Health: 26/26      AC:  2    Str: 14    XL:     3   Next: 8%
Magic:  6/6        EV: 11    Int: 13    God:
Gold:   167        SH:  4    Dex: 12    Spells: 6/6 levels left

rFire   . . .      SeeInvis +      - Unarmed
rCold   . . .      Faith    .    b - +0 buckler
rNeg    . . .      Spirit   .    c - +0 robe
rPois   .          Reflect  .    (helmet restricted)
rElec   .          Rampage  .    (no cloak)
rCorr   .                        (no gloves)
Will    .....                    (no boots)
Stlth   +                        (no amulet)
HPRegen 0.24/turn                v - ring of see invisible
MPRegen 0.10/turn                (no ring)

@: no status effects
A: antennae 1, demonic guardian 1
a: no special abilities


You were on level 3 of the Dungeon.
You visited 1 branch of the dungeon, and saw 3 of its levels.

You collected 167 gold pieces.


Innate Abilities, Weirdness & Mutations

You have a pair of small antennae on your head.
A weak demonic guardian rushes to your aid.


   Skills:
 - Level 1.0 Fighting
 - Level 1.0 Dodging
 + Level 2.2 Shields
 * Level 3.6 Unarmed Combat
 - Level 2.0 Spellcasting
 - Level 1.0 Fire Magic


You had 6 spell levels left.
You didn't know any spells.
Your spell library contained the following spells:

 Spells                   Type           Power      Damage    Failure   Level
 Foxfire                  Conj/Fire      8%         2x1d4     26%         1
 Inner Flame              Hex/Fire       2%         N/A       63%         3
 Portal Projectile        Hex/Tloc       2%         N/A       69%         3
 Tukima's Dance           Hex            1%         N/A       69%         3
 Cause Fear               Hex            0%         N/A       97%         4
 Blade Hands              Tmut           0%         N/A       100%        5
 Discord                  Hex            0%         N/A       100%        8

Inventory:

Hand Weapons
 a - a +0 club of chaos
Armour
 b - a +0 buckler (worn)
 c - a +0 robe (worn)
 f - a +0 kite shield
 m - a +0 pair of gloves
Jewellery
 v - a ring of see invisible (left hand)
Scrolls
 d - 3 scrolls of fear
 i - a scroll of amnesia
 o - a scroll of identify {@r1}
Potions
 g - a potion of flight
 h - a potion of attraction {unknown}
 k - a potion of curing {unknown}
 l - a potion of brilliance {unknown}

Dungeon Overview and Level Annotations

Branches:
Dungeon (3/15)

Altars:

#w≈~≈≈~≈≈w #
###~ ≈~~≈≈~ ≈#
#~≈≈≈≈≈~~~#≈≈#
w~≈≈≈ ≈~~≈#≈≈#w
~≈≈≈≈≈≈≈~≈≈≈≈~~
≈≈≈≈≈≈#~~≈~~~~~
≈≈~.~~...~~.⌠≈≈
~~!)$..@.⌠$..~~
~~..$~.⌠.#~~.~≈
≈≈~~~≈~~≈≈~ ~≈≈
≈≈~≈≈#~≈≈≈≈~≈ ≈
w~≈≈≈≈~~#≈≈≈≈≈w
#~#≈#≈#~~~≈≈≈##
# ≈ ~≈≈#≈~≈≈≈#
##w~≈≈ ~~~w##


You could see 8 dart slugs.


Message History

No target in view!
You see here a frilled lizard corpse.
Found 4 stones.
Found a stone staircase leading down.
You see here 4 stones.
There is a stone staircase leading down here.
Done exploring.
Done exploring.
Done exploring.
Done exploring.
No target in view!
As you read the scroll labelled GIFESUYDGHE, it crumbles to dust.
You feel strangely unstable.
It was a scroll of teleportation.
As you read the scroll labelled HETUOLYLAM, it crumbles to dust.
You feel momentarily disoriented.
It was a scroll of magic mapping.
As you read the scroll labelled MUSOIVVOJY, it crumbles to dust.
Your body is wracked with pain!
A demonic guardian appears!
It was a scroll of torment.
You start resting.
Your surroundings suddenly seem different.
HP restored.
Done exploring.
(D) Dungeon
Where to? (Enter - D:2, ? - help)
There is a stone staircase leading down here.
You climb downwards.
Found 26 gold pieces, a glowing whip and 2 amethyst potions.
There is a stone staircase leading up here.
There are monsters nearby!
Are you sure you want to abandon this character and quit the game? (Confirm with "yes".)

Skill      XL: |  1  2 |
---------------+-------+-----
Unarmed Combat | 3 |  3.6
Shields        | 2 |  2.2
Fighting       | |  1.0
Dodging        | |  1.0
Spellcasting   | |  2.0
Fire Magic     | |  1.0

Action                     || total
---------------------------++-------
  Melee: Unarmed           ||   115
    Use: Scroll            ||     7
   Stab: Distracted        ||     1
 Armour: Robe              ||    19
  Dodge: Dodged            ||    49
  Block: Buckler           ||    21

Levels and vault maps discovered:
D:1:      ncdulo_lavacross, layout_loops_ring
D:2:      layout_loops_ring, grunt_decor_resistance
D:3:      kennysheep_slugbush, layout_basic, shapermc_ecumenical_altar_petra

Notes
Turn   | Place    | Note
-------+----------+-------------------------------------------
     0 | D:1      | demibob the Demonspawn Wanderer began the quest for the
                  | Orb.
     0 | D:1      | demibob set off with the following items: a +0 club, a +0
                  | buckler, a +0 robe, 3 scrolls of fear; and the following
                  | spell memorised: Foxfire; and the following spells
                  | available to memorise: Inner Flame.
     0 | D:1      | Reached XP level 1. HP: 15/15 MP: 3/3
   119 | D:1      | Reached skill level 3 in Unarmed Combat
   244 | D:1      | Gained mutation: A weak demonic guardian rushes to your
                  | aid. [demonic ancestry]
   244 | D:1      | Reached XP level 2. HP: 11/21 MP: 5/5
   471 | D:1      | Reached skill level 2 in Shields
  1457 | D:2      | Gained mutation: You have a pair of small antennae on your
                  | head. [demonic ancestry]
  1457 | D:2      | Reached XP level 3. HP: 25/26 MP: 6/6
  1824 | D:3      | Quit the game

Vanquished Creatures
  2 ball pythons
  5 endoplasms
  A giant cockroach (D:1)
  2 goblins
  3 hobgoblins
  6 kobolds
  2 quokkas (D:2)
  3 bats
  3 frilled lizards
  2 rats
29 creatures vanquished.

Table legend: (Time is in decaauts)
 A = Elapsed time spent in this place.
 B = Non-inter-level travel time spent in this place.
 C = Inter-level travel time spent in this place.
 D = Time resting spent in this place.
 E = Time spent auto-exploring this place.
 F = Levels seen in this place.
 G = Mean time per level.
                   A        B        C        D        E       F      G
               +--------+--------+--------+--------+--------+-----+--------+
         Total |   1819 |   1798 |     21 |      2 |   1559 |   3 |  606.3 |
       Dungeon |   1819 |   1798 |     21 |      2 |   1559 |   3 |  606.3 |
               +--------+--------+--------+--------+--------+-----+--------+

Top non-repeatable levels by time:
     D:2: 971 daAuts
     D:1: 847 daAuts
     D:3: 0 daAuts

Table legend:
 A = Non-vault XP
 B = Vault XP
 C = Vault XP percentage of total XP
 D = Non-vault monster count
 E = Vault monster count
 F = Vault count percentage of total count
                 A         B        C        D         E       F
            +---------+---------+-------+---------+---------+-------
      Total |      46 |       0 |   0.0 |      29 |       0 |   0.0
            +---------+---------+-------+---------+---------+-------
        D:1 |      22 |       0 |   0.0 |      14 |       0 |   0.0
        D:2 |      24 |       0 |   0.0 |      15 |       0 |   0.0
            +---------+---------+-------+---------+---------+-------
